 Dungeon Crawl Stone Soup version 0.13.1-28-g3517093 (console) character file.

225 Magician the Cutter (level 5, -4/33 HPs)
             Began as a Deep Elf Berserker on Mar 7, 2014.
             Was a Believer of Trog.
             Slain by an ogre
             ... wielding a +0,+0 giant spiked club
              (17 damage)
             ... on Level 4 of the Dungeon.
             The game lasted 00:06:21 (690 turns).

Magician the Cutter (Deep Elf Berserker)             Turns: 690, Time: 00:06:22

HP  -4/33        AC  2     Str 14      XL: 5   Next: 23%
MP   9/9         EV 13     Int 12      God: Trog [**....]
Gold 57          SH  0     Dex 15      Spells:  0 memorised,  4 levels left

Res.Fire  : . . .   See Invis. : .   a - +0 elf short sword
Res.Cold  : . . .   Warding    : .   n - +0 robe
Life Prot.: . . .   Conserve   : .   (no shield)
Res.Poison: .       Res.Corr.  : .   k - +0 cap
Res.Elec. : .       Clarity    : .   (no cloak)
Sust.Abil.: . .     Spirit.Shd : .   (no gloves)
Res.Mut.  : .       Stasis     : .   (no boots)
Res.Rott. : .       Flight     : .   (no amulet)
Saprovore : . . .                    (no ring)
                                     f - ring of sustenance

@: regenerating, exhausted, slowed, very slow, very resistant to hostile
enchantments, fairly stealthy
A: no striking features
a: Burn Spellbooks, Berserk, Trog's Hand, Renounce Religion


You were on level 4 of the Dungeon.
You worshipped Trog.
Trog was pleased with you.
You were hungry.

You visited 1 branch of the dungeon, and saw 4 of its levels.

You collected 37 gold pieces.

Inventory:

Hand weapons
 a - a +0,+0 elven short sword (weapon)
Armour
 b - a +0 animal skin
 e - a +0 leather armour
 k - a +0 cap (worn)
 n - a +0 robe (worn)
Magical devices
 m - a wand of slowing (2)
Comestibles
 c - a bread ration
Scrolls
 d - a scroll of recharging {unknown}
 i - a scroll of teleportation {unknown}
 j - a scroll of identify {unknown}
Jewellery
 f - a ring of sustenance (left hand)
Potions
 g - 2 potions of curing {unknown}
 h - a potion of invisibility {unknown}
 l - a potion of brilliance {unknown}


   Skills:
 * Level 3.6 Fighting
 * Level 3.9 Short Blades
 - Level 1.5 Armour
 + Level 3.4 Dodging
 + Level 2.3 Stealth


You had 4 spell levels left.
You didn't know any spells.

Dungeon Overview and Level Annotations

Branches:
Dungeon (4/27)
 Temple: D:4-7

Altars:


Message History

You hit the orc priest.
The orc priest is moderately wounded.
The orc priest hits you with an orcish war axe!
The worm bites you.
Use which ability? (? or * to list)
Your skin crawls.
You feel resistant to hostile enchantments.
You feel slightly more hungry. The orc priest barely misses you.
An ogre comes into view. It is wielding a giant spiked club.
The orc priest barely misses you.
Found 13 gold pieces.
The ogre shouts!
The orc priest's eyes start to glow.
The worm barely misses you.
The ogre hits you with a giant spiked club.
* * * LOW HITPOINT WARNING * * *
Found a scroll labeled STRITE KHITA.
The ogre hits you with a giant spiked club!
Ouch! That really hurt!
You die...

## ####### #?.
.......####..
#########..<.#.## ..
..$<...........?#..#
#.....).....#...##
#.###.#####........
#.o.#.w.########
#...#.#@>.......
#....oO......##.
.......?.o#######.#
#.#.#..?.# #
#$#....# . ###..# .
...# ###.# #.#


You could see a worm, an ogre, an orc priest and an orc.

Vanquished Creatures
  Sigmund (D:2)
  An orc wizard (D:4)
  3 gnolls (D:2)
  2 adders (D:2)
  4 giant cockroaches (D:1)
  3 hobgoblins
  4 kobolds
  A ball python (D:2)
  A bat (D:3)
  A giant newt (D:2)
  5 goblins (D:1)
  A quokka (D:1)
  3 rats (D:1)
30 creatures vanquished.

Vanquished Creatures (others)
  A goblin (D:2)
1 creature vanquished.

Grand Total: 31 creatures vanquished

Notes
Turn   | Place    | Note
--------------------------------------------------------------
     0 | D:1      | Magician, the Deep Elf Berserker, began the quest for the Orb.
     0 | D:1      | Reached XP level 1. HP: 14/14 MP: 1/1
    86 | D:2      | Reached XP level 2. HP: 19/19 MP: 3/3
   134 | D:1      | Reached XP level 3. HP: 6/24 MP: 5/5
   422 | D:1      | Acquired Trog's second power
   467 | D:2      | Reached skill level 1 in Stealth
   477 | D:2      | Reached XP level 4. HP: 23/28 MP: 7/7
   543 | D:2      | Noticed Sigmund
   555 | D:2      | Killed Sigmund
   555 | D:2      | Reached XP level 5. HP: 30/33 MP: 9/9
   685 | D:4      | Noticed an ogre
   690 | D:4      | Slain by an ogre

Action                   |  1- 3 |  4- 6 || total
-------------------------+-------+-------++-------
Melee: Short sword       |    57 |    30 ||    87
Invok: Berserk           |     3 |     2 ||     5
       Trog's Hand       |     1 |     1 ||     2
 Stab: Sleeping          |     3 |     1 ||     4
